 Dungeon Crawl Stone Soup version 0.20.1-1-g8b1a95d (webtiles) character file.

126 wolfsongas the Chopper (level 5, -17/46 HPs)
             Began as a Hill Orc Monk on Aug 2, 2017.
             Was a Believer of Trog.
             Killed from afar by a kobold (22 damage)
             ... with a wand of lightning (?/15)
             ... on level 3 of the Dungeon.
             The game lasted 00:05:45 (1873 turns).

wolfsongas the Chopper (Hill Orc Monk)              Turns: 1873, Time: 00:05:46

Health: -17/46     AC:  5    Str: 14    XL:     5   Next: 9%
Magic:  5/5        EV: 12    Int: 10    God:    Trog [**....]
Gold:   136        SH:  0    Dex: 18    Spells: 4/4 levels left

rFire    + . .     SeeInvis .   o - +1 dagger (distort)
rCold    . . .     Gourm    .   (no shield)
rNeg     . . .     Faith    .   d - +0 ring mail
rPois    .         Spirit   .   (no helmet)
rElec    .         Reflect  .   (no cloak)
rCorr    .         Harm     .   (no gloves)
MR       .....                  (no boots)
Stlth    +.........             (no amulet)
Regen    0.2/turn               i - ring of protection from fire
MPRegen  0.1/turn               p - +4 ring of dexterity

@: no status effects
A: no striking features
a: Berserk, Trog's Hand, Burn Spellbooks, Renounce Religion


You were on level 3 of the Dungeon.
You worshipped Trog.
Trog was pleased with you.
You were not hungry.

You visited 1 branch of the dungeon, and saw 3 of its levels.

You collected 136 gold pieces.

Inventory:

Hand Weapons
 a - a +0 hand axe
 o - a +1 dagger of distortion (weapon)
Armour
 b - a +0 robe
 d - a +0 ring mail (worn)
Jewellery
 i - a ring of protection from fire (left hand)
 p - a +4 ring of dexterity (right hand)
Scrolls
 e - a scroll of remove curse
 j - a scroll of teleportation
Potions
 f - a potion of degeneration {unknown}
 k - a potion of curing
 m - 2 potions of haste {unknown}
 n - 3 potions of cancellation {unknown}
Comestibles
 c - 8 fruits
 g - a meat ration
 h - 3 bread rations
 l - a royal jelly


   Skills:
 - Level 3.8 Fighting
 * Level 1.0 Short Blades
 - Level 6.8 Axes
 - Level 0.2 Armour
 - Level 2.7 Dodging
 - Level 1.5 Stealth


You had 4 spell levels left.
You didn't know any spells.

Dungeon Overview and Level Annotations

Branches:
Dungeon (3/15)

Altars:
Fedhas
Hepliaklqana
Trog


Message History

Found 18 bolts.
You hit the kobold.
You kill the kobold!
Trog accepts your kill.
Your Short Blades skill increases to level 1!
An ogre comes into view. It is wielding a giant club.
A kobold comes into view. It is wielding a short sword.
The kobold shouts!
The kobold zaps a wand.
The bolt of lightning hits the hobgoblin.
The hobgoblin dies!
The bolt of lightning hits you!
It is a wand of lightning (?/15).
The kobold zaps a wand.
The bolt of lightning misses you.
Found a scroll labeled FEOSAPPI RURGHAICUL.
The kobold zaps a wand.
The bolt of lightning hits you!
* * * LOW HITPOINT WARNING * * *
You are too injured to fight recklessly!
The kobold zaps a wand.
The bolt of lightning misses you.
The kobold zaps a wand.
The bolt of lightning hits you!
You die...

##.. ##..........# ...#
#...........# ##...###. ...
............#####......?. ...
#.......................
#..####.........(.............
#......................#......
......##...........#..........
..............................
..####.........$@.....O..(....
#.####.................K......
.......†....................#.
...#.##.....................#
..##†###......................
#.#..# ##.................#...
#...## ######.....#......#...
#....# [..######.%##.....
#....# #... #...##..


You could see an ogre and a kobold.

Vanquished Creatures
  3 adders
  2 oozes
  3 worms (D:2)
  3 dart slugs
  6 leopard geckos
  4 giant cockroaches
  5 goblins
  6 hobgoblins
  4 jackals (D:2)
  14 kobolds
  8 bats
  6 frilled lizards
  5 rats
69 creatures vanquished.

Vanquished Creatures (others)
  A goblin (D:3)
  A hobgoblin (D:3)
2 creatures vanquished.

Grand Total: 71 creatures vanquished

Notes
Turn   | Place    | Note
-------+----------+-------------------------------------------
     0 | D:1      | wolfsongas the Hill Orc Monk began the quest for the Orb.
     0 | D:1      | Reached XP level 1. HP: 19/19 MP: 1/1
   158 | D:1      | Reached XP level 2. HP: 27/27 MP: 2/2
   466 | D:1      | Reached XP level 3. HP: 31/33 MP: 3/3
   490 | D:1      | Reached skill level 5 in Axes
   823 | D:2      | Found a blossoming altar of Fedhas.
   957 | D:2      | Reached XP level 4. HP: 40/40 MP: 4/4
   994 | D:2      | Reached skill level 6 in Axes
  1485 | D:2      | Found a hazy altar of Hepliaklqana.
  1798 | D:3      | Found a faded altar of an unknown god.
  1805 | D:3      | Became a worshipper of Trog the Wrathful
  1805 | D:3      | Reached * piety under Trog
  1805 | D:3      | Reached ** piety under Trog
  1844 | D:3      | Reached XP level 5. HP: 45/46 MP: 5/5
  1863 | D:3      | Reached skill level 1 in Short Blades
  1864 | D:3      | Noticed an ogre
  1873 | D:3      | Killed from afar by a kobold

Skill      XL: |  1  2  3  4  5 |
---------------+----------------+-----
Axes           | 5 6 |  6.8
Short Blades   | 1 |  1.0
Fighting       | |  3.8
Armour         | |  0.2
Dodging        | |  2.7
Stealth        | |  1.5

Action                   |  1- 3 |  4- 6 || total
-------------------------+-------+-------++-------
Melee: Hand axe          |   145 |    75 ||   220
       Dagger            |       |     9 ||     9
  Use: Scroll            |     3 |     3 ||     6
       Potion            |     1 |       ||     1
 Stab: Sleeping          |       |     1 ||     1
  Eat: Bread ration      |     1 |       ||     1
Armor: Ring mail         |    75 |    28 ||   103
Dodge: Dodged            |    89 |    54 ||   143
